[Event "Titled Tuesday Blitz June 15 2021"]
[White "Kalashian, David"]
[Black "Abdrlauf, Elham"]
[WhiteFideId "13302418"]
[BlackFideId "1533533"]
[WhiteElo "2490"]
[BlackElo "2326"]
[Result "1-0"]
[Round "02"]
[TimeControl "180+1"]
[Date "2021.06.15"]
[WhiteClock "0:00:17"]
[BlackClock "0:00:02"]

1. e4 c6 2. Nc3 d5 3. d4 dxe4 4. Nxe4 Nf6 5. Nxf6+ exf6 6. c3 Bd6 7. Bd3 O-O 8. Qc2 Re8+ 9. Ne2 h5 10. Be3 h4 11. O-O-O Nd7 12. g4 b5 13. g5 Nb6 14. g6 fxg6 15. Bxg6 Re7 16. Rhg1 Be6 17. Nf4 Bxf4 18. Bxf4 Qd5 19. b3 a5 20. Bh7+ Kf8 21. Be4 Qd7 22. d5 Bxd5 23. Bxd5 Nxd5 24. c4 bxc4 25. bxc4 Qh3 26. cxd5 cxd5 27. Rd3 Qd7 28. Kb1 g5 29. Be3 Kg7 30. Ka1 Rc8 31. Qb2 Kf7 32. Rgd1 Re5 33. Qb3 Rd8 34. Bb6 Rde8 35. Rxd5 Rxd5 36. Rxd5 Qe6 37. Rd7+ Kg6 38. Qxe6 Rxe6 39. Kb2 a4 40. Be3 f5 41. Ka3 f4 42. Bc5 Kf5 43. Kxa4 Kg4 44. Rg7 Re5 45. Kb5 Kh3 46. a4 Kxh2 47. a5 Kg2 48. a6 h3 49. a7 Re8 50. Rxg5+ Kh1 51. Rf5 h2 52. Rxf4 Kg2 53. Rh4 h1=Q 54. Rxh1 Kxh1 55. Bd6 Kg2 56. Bb8 Re1 57. a8=Q+ Kf1 58. Qh1+ Kxf2 59. Bg3+ 1-0


[Site "https://www.chess.com"]

[Event "Titled Tuesday Blitz June 15 2021"]
[White "Khanin, Semen"]
[Black "Sargsyan, Anna M."]
[WhiteFideId "4111990"]
[BlackFideId "13308130"]
[WhiteElo "2521"]
[BlackElo "2263"]
[Result "1-0"]
[Round "02"]
[TimeControl "180+1"]
[Date "2021.06.15"]
[WhiteClock "0:00:56"]
[BlackClock "0:00:10"]

1. e4 c6 2. Nf3 d5 3. d3 Bg4 4. h3 dxe4 5. hxg4 exf3 6. Qxf3 Nd7 7. Nc3 e6 8. Bd2 Bd6 9. O-O-O Ne5 10. Qh3 Qb6 11. Ne4 Bc7 12. Bc3 Nf6 13. Nxf6+ gxf6 14. f4 Nd7 15. f5 Bf4+ 16. Kb1 e5 17. Qh5 Nc5 18. b3 a5 19. d4 Ne4 20. Bb2 Ng3 21. Qh4 Nxh1 22. Qxf6 Rg8 23. dxe5 Rd8 24. Bd3 Nf2 25. e6 fxe6 26. Qxe6+ Kf8 27. Re1 Qc7 28. Ba3+ Bd6 29. Qf6+ Qf7 30. Bxd6+ Rxd6 31. Qxd6+ Kg7 32. Qd4+ 1-0


[Site "https://www.chess.com"]

[Event "Titled Tuesday Blitz June 15 2021"]
[White "Khusnutdinov, Rustam"]
[Black "Potapova, Margarita"]
[WhiteFideId "13701703"]
[BlackFideId "14126869"]
[WhiteElo "2571"]
[BlackElo "2229"]
[Result "1-0"]
[Round "02"]
[TimeControl "180+1"]
[Date "2021.06.15"]
[WhiteClock "0:01:29"]
[BlackClock "0:00:01"]

1. d4 Nf6 2. c4 e6 3. Nc3 Bb4 4. f3 d5 5. a3 Be7 6. e4 dxe4 7. fxe4 c5 8. d5 exd5 9. exd5 O-O 10. Be2 Bd6 11. Bg5 h6 12. Bh4 Re8 13. Nb5 Bf4 14. Nf3 a6 15. Nc3 Be3 16. d6 g5 17. Bf2 Bxf2+ 18. Kxf2 Ng4+ 19. Kg1 Nc6 20. Qd2 Ne3 21. Re1 Be6 22. Qxe3 Qxd6 23. Ne4 Qd8 24. Qxc5 Bg4 25. Rd1 Qxd1+ 26. Bxd1 Rxe4 27. Kf2 Rae8 28. h3 Bh5 29. g4 Bg6 30. Re1 Rxe1 31. Nxe1 Ne5 32. Be2 f6 33. Nf3 Nc6 34. b4 Ne7 35. Qc7 f5 36. Qxb7 fxg4 37. hxg4 h5 38. Qxa6 hxg4 39. Ne5 Bf5 40. Bxg4 Bh7 41. Qe6+ Kg7 42. Qf7+ Kh8 43. Qf6+ 1-0


[Site "https://www.chess.com"]

[Event "Titled Tuesday Blitz June 15 2021"]
[White "Kislov, Oleg"]
[Black "Liyanage, Ranindu Dilshan"]
[WhiteFideId "13503774"]
[BlackFideId "9915834"]
[WhiteElo "2252"]
[BlackElo "1839"]
[Result "1-0"]
[Round "02"]
[TimeControl "180+1"]
[Date "2021.06.15"]
[WhiteClock "0:00:32"]
[BlackClock "0:00:18"]

1. e4 c5 2. Nf3 d6 3. c3 Nf6 4. Be2 g6 5. O-O Bg7 6. Re1 O-O 7. Bf1 Nc6 8. h3 Rb8 9. d4 cxd4 10. cxd4 d5 11. e5 Ne4 12. Nc3 Nxc3 13. bxc3 Na5 14. Bf4 e6 15. Bg5 Qc7 16. Rc1 Re8 17. Qd2 Bd7 18. Bf6 Bf8 19. h4 h5 20. g4 hxg4 21. h5 gxf3 22. hxg6 fxg6 23. Qg5 Bc6 24. Bd3 Bg7 25. Qxg6 Qf7 26. Qg5 Kf8 27. Bg6 Qg8 28. Re3 Qh8 29. Rxf3 Qh6 30. Bxg7+ Kxg7 31. Rf7+ 1-0


[Site "https://www.chess.com"]

[Event "Titled Tuesday Blitz June 15 2021"]
[White "Klimkowski, Jan"]
[Black "Paravyan, David"]
[WhiteFideId "21856222"]
[BlackFideId "4194985"]
[WhiteElo "1903"]
[BlackElo "2562"]
[Result "0-1"]
[Round "02"]
[TimeControl "180+1"]
[Date "2021.06.15"]
[WhiteClock "0:00:43"]
[BlackClock "0:01:21"]

1. e4 e6 2. d4 d5 3. Nc3 Nf6 4. Bg5 h6 5. Bxf6 Qxf6 6. exd5 Bb4 7. dxe6 Bxe6 8. Qf3 Qxd4 9. Ne2 Qb6 10. a3 Bxc3+ 11. Qxc3 O-O 12. Nd4 Bg4 13. f3 Re8+ 14. Be2 c5 15. Nb3 Bd7 16. Nxc5 Bb5 17. Nd3 Nc6 18. a4 Bxd3 19. cxd3 Nd4 0-1


[Site "https://www.chess.com"]

[Event "Titled Tuesday Blitz June 15 2021"]
[White "Kollars, Dmitrij"]
[Black "Nguyen, Quoc Hy"]
[WhiteFideId "12909572"]
[BlackFideId "12410853"]
[WhiteElo "2576"]
[BlackElo "1975"]
[Result "0-1"]
[Round "02"]
[TimeControl "180+1"]
[Date "2021.06.15"]
[WhiteClock "0:00:03"]
[BlackClock "0:00:15"]

1. Nf3 d5 2. d4 Nf6 3. c4 c6 4. Nc3 e6 5. g3 dxc4 6. Bg2 b5 7. O-O Bb7 8. e4 Be7 9. a4 a6 10. e5 Nd5 11. Ne4 h6 12. Nh4 Nd7 13. Qh5 Qb6 14. Bg5 Bxg5 15. Nxg5 O-O 16. Be4 N7f6 17. exf6 Nxf6 18. Bh7+ Nxh7 19. Nxh7 Kxh7 20. Nf3 c5 21. dxc5 Qc6 22. Ra3 Rad8 23. axb5 axb5 24. b4 Rd5 25. Qg4 Rf5 26. Kg2 Ra8 27. Re3 Rxf3 28. Kh3 Rxe3 29. fxe3 Qg2+ 0-1


[Site "https://www.chess.com"]

[Event "Titled Tuesday Blitz June 15 2021"]
[White "Konenkin, Dmitry"]
[Black "Starozhilov, Leonid"]
[WhiteFideId "4185781"]
[BlackFideId "14106752"]
[WhiteElo "2278"]
[BlackElo "2414"]
[Result "0-1"]
[Round "02"]
[TimeControl "180+1"]
[Date "2021.06.15"]
[WhiteClock "0:00:01"]
[BlackClock "0:01:18"]

1. d4 Nf6 2. Bg5 c5 3. d5 b5 4. Bxf6 gxf6 5. e4 a6 6. Nf3 d6 7. Be2 Bg7 8. O-O f5 9. c3 fxe4 10. Ng5 Bf5 11. Bg4 Bg6 12. Nd2 e5 13. Ndxe4 h6 14. f4 hxg5 15. f5 Bh7 16. Qf3 Bf6 17. Bh5 Ke7 18. g4 Nd7 19. Kf2 a5 20. h4 Qg8 21. Rae1 gxh4 22. g5 Bxg5 23. Rg1 f6 24. Nxg5 fxg5 25. f6+ Nxf6 26. Qh3 Nxh5 0-1


[Site "https://www.chess.com"]

[Event "Titled Tuesday Blitz June 15 2021"]
[White "Laxman, R.R."]
[Black "Tomb, Maroun"]
[WhiteFideId "5005361"]
[BlackFideId "5300398"]
[WhiteElo "2476"]
[BlackElo "2531"]
[Result "0-1"]
[Round "02"]
[TimeControl "180+1"]
[Date "2021.06.15"]
[WhiteClock "0:01:07"]
[BlackClock "0:00:18"]

1. d4 Nf6 2. Nf3 d6 3. c4 Nbd7 4. Nc3 e5 5. e4 Be7 6. Be2 c6 7. O-O a5 8. Qc2 O-O 9. Rd1 Qc7 10. Be3 Ng4 11. Bd2 Re8 12. d5 Nc5 13. h3 Nf6 14. Be3 Bd7 15. Rac1 cxd5 16. cxd5 Rec8 17. Nd2 a4 18. Qb1 Qb8 19. Nb5 Ra5 20. Nc3 b5 21. Bxc5 dxc5 22. b3 axb3 23. Nxb3 Ra7 24. d6 Bxd6 25. Bxb5 Bxb5 26. Rxd6 Qxd6 27. Nxb5 Qd7 28. Nxa7 Qxa7 29. Nd2 h6 30. Nc4 Rb8 31. Qc2 Rb4 32. a3 Ra4 33. Rd1 Kh7 34. Nxe5 Rxa3 35. Nc6 Qa4 36. Qxa4 Rxa4 37. e5 Ne4 38. Rd7 Ra1+ 39. Kh2 Nxf2 40. Rxf7 Rh1+ 41. Kg3 Ne4+ 42. Kh4 Ng5 43. Rc7 Re1 44. Kg4 c4 45. h4 Ne6 46. Re7 Nc5 47. Rc7 Nd3 48. Kf5 c3 49. Nd4 Rxe5+ 50. Kg4 Rc5 51. Rd7 Rc4 52. Kf5 Rxd4 53. Rxd4 c2 54. Rc4 c1=Q 55. Rxc1 Nxc1 56. h5 Ne2 57. g4 Ng3+ 58. Kf4 Ne2+ 59. Ke3 Nc3 60. Kd4 Nb5+ 61. Ke5 Nc7 62. Kd6 Ne8+ 63. Ke7 Nf6 64. g5 hxg5 65. h6 g4 66. hxg7 Kxg7 67. Ke6 g3 68. Kf5 g2 0-1


[Site "https://www.chess.com"]

[Event "Titled Tuesday Blitz June 15 2021"]
[White "Le, Tuan Minh"]
[Black "Barp, Alberto"]
[WhiteFideId "12401153"]
[BlackFideId "872555"]
[WhiteElo "2450"]
[BlackElo "2229"]
[Result "1-0"]
[Round "02"]
[TimeControl "180+1"]
[Date "2021.06.15"]
[WhiteClock "0:00:05"]
[BlackClock "0:00:08"]

1. d4 Nf6 2. Nf3 d5 3. Bf4 c5 4. c3 Nc6 5. e3 e6 6. Nbd2 cxd4 7. exd4 Nh5 8. Be5 f6 9. Bg3 Bd6 10. Bd3 Nf4 11. Bc2 Nxg2+ 12. Kf1 Nf4 13. Qe1 O-O 14. Qe3 Qc7 15. Re1 Bd7 16. h4 Rae8 17. h5 Ne7 18. Bxf4 Bxf4 19. Qd3 f5 20. Kg2 Rf6 21. Ne5 Nc6 22. Ndf3 Ref8 23. Rh4 Bh6 24. Qe2 Be8 25. Bb3 Kh8 26. Kh1 Qe7 27. Rh3 Na5 28. Rg1 Nxb3 29. axb3 Rg8 30. Ng5 Rff8 31. f4 a6 32. Qh2 Rf6 33. Ngf3 a5 34. Qg3 Bf7 35. Ng5 Be8 36. Ngf3 Bf7 37. Nd3 b6 38. Nfe5 Qe8 39. Qh2 Qe7 40. Ne1 Be8 41. N1f3 b5 42. Ra1 a4 43. b4 Bf7 44. Nd3 Be8 45. Nfe5 Bf7 46. Nc5 Be8 47. Rf1 Bf7 48. Qe2 Qe8 49. Qf3 Rf8 50. Re1 Qe7 51. Ned7 Qd6 52. Nxf8 Qxf8 53. Nd7 Qd6 54. Nxf6 gxf6 55. Rf1 e5 56. fxe5 fxe5 57. Qxf5 Be6 58. Qf6+ Bg7 59. Qf3 e4 60. Qg3 Qe7 61. h6 Bf6 62. Qb8+ Bg8 63. Rg3 Bg5 64. Rfg1 Qe6 65. Qe5+ Qxe5 66. dxe5 d4 67. Rxg5 1-0


[Site "https://www.chess.com"]

[Event "Titled Tuesday Blitz June 15 2021"]
[White "Lewtak, Damian"]
[Black "Sarana, Alexey"]
[WhiteFideId "1141724"]
[BlackFideId "24133795"]
[WhiteElo "2291"]
[BlackElo "2629"]
[Result "0-1"]
[Round "02"]
[TimeControl "180+1"]
[Date "2021.06.15"]
[WhiteClock "0:00:03"]
[BlackClock "0:00:49"]

1. d4 Nf6 2. c3 b6 3. Bf4 Bb7 4. Nd2 d6 5. h3 Nbd7 6. Ngf3 g6 7. Qc2 Bg7 8. Bh2 O-O 9. e4 c5 10. Bd3 Nh5 11. O-O Rc8 12. d5 a6 13. c4 Ne5 14. Nxe5 dxe5 15. a4 Qd6 16. Rae1 Nf4 17. Bxf4 exf4 18. e5 Qd8 19. e6 f5 20. Nf3 b5 21. axb5 axb5 22. b3 Ra8 23. Qd2 Qd6 24. h4 Ra3 25. Rb1 Rfa8 26. Rfc1 Bf6 27. h5 Kg7 28. hxg6 hxg6 29. Rc2 Rh8 30. Ra2 b4 31. Rc2 Raa8 32. Kf1 Rh1+ 33. Ng1 f3 34. g3 Bd4 35. Qg5 Rh5 36. Qd2 Rah8 37. Qd1 f4 38. Qxf3 Rh1 39. Ke2 Qe5+ 40. Be4 R1h2 41. Kd3 Bxf2 42. Rxf2 Qd4+ 43. Ke2 Rxf2+ 44. Qxf2 Qxe4+ 45. Kd2 Qxb1 0-1


[Site "https://www.chess.com"]

[Event "Titled Tuesday Blitz June 15 2021"]
[White "Libiszewski, Fabien"]
[Black "Danielian, Vardan"]
[WhiteFideId "616834"]
[BlackFideId "13301594"]
[WhiteElo "2440"]
[BlackElo "2526"]
[Result "1-0"]
[Round "02"]
[TimeControl "180+1"]
[Date "2021.06.15"]
[WhiteClock "0:00:11"]
[BlackClock "0:00:16"]

1. e4 c5 2. Nc3 d6 3. d4 cxd4 4. Qxd4 a6 5. b3 e5 6. Qd2 Nf6 7. Bb2 Be7 8. O-O-O O-O 9. Kb1 Nbd7 10. f3 b5 11. g4 Bb7 12. Nge2 b4 13. Na4 Bc6 14. Ng3 Bxa4 15. bxa4 Nc5 16. g5 Nfd7 17. h4 Nxa4 18. Bc4 Nxb2 19. Kxb2 Nc5 20. Nf5 Na4+ 21. Ka1 Nc3 22. Rdg1 Rc8 23. Bb3 d5 24. Bxd5 Bc5 25. Qd3 Bd4 26. Nxd4 Nxd5 27. Nf5 Nc3 28. Qxd8 Rcxd8 29. h5 Rd2 30. Kb2 Rfd8 31. g6 fxg6 32. hxg6 h6 33. Ne7+ Kf8 34. Nc6 Rc8 35. Nxb4 a5 36. Nd3 Ne2 37. Rc1 Nxc1 38. Rxc1 Rb8+ 39. Kc3 Rg2 40. Nxe5 Rc8+ 41. Kd3 Rd8+ 42. Ke3 Rxg6 43. Nxg6+ Kf7 44. Ne5+ Ke6 45. Nd3 1-0


[Site "https://www.chess.com"]

[Event "Titled Tuesday Blitz June 15 2021"]
[White "Ljukin, Sergei"]
[Black "Mirzoev, Azer"]
[WhiteFideId "14102200"]
[BlackFideId "13400304"]
[WhiteElo "2309"]
[BlackElo "2525"]
[Result "1-0"]
[Round "02"]
[TimeControl "180+1"]
[Date "2021.06.15"]
[WhiteClock "0:00:34"]
[BlackClock "0:00:16"]

1. e4 c6 2. d4 d5 3. e5 Bf5 4. Nd2 e6 5. Nb3 Nd7 6. Nf3 Ne7 7. Be2 h6 8. O-O Bh7 9. a4 Ng6 10. g3 Be7 11. h4 O-O 12. h5 Nh8 13. Re1 f6 14. Bd3 Bxd3 15. cxd3 fxe5 16. Nxe5 Nxe5 17. dxe5 c5 18. f4 Rc8 19. Kh2 Nf7 20. Qg4 Rc6 21. Be3 Qd7 22. Rac1 b6 23. Nd2 Nd8 24. Nf3 Rc8 25. Qh3 Qxa4 26. g4 Qb5 27. g5 Qxd3 28. gxh6 gxh6 29. Nh4 Bxh4 30. Qxh4 Rc7 31. Rg1+ Kh7 32. Qg3 Qf5 33. Qh4 d4 34. Bd2 Rg7 35. Rxg7+ Kxg7 36. Qe7+ Qf7 37. Rg1+ Kh7 38. Qh4 Rg8 39. Rxg8 Qxg8 40. f5 Nc6 41. f6 Nd8 42. Qe4+ Kh8 43. Bxh6 Nf7 44. Bg7+ Qxg7 45. fxg7+ Kxg7 46. Qg6+ Kf8 47. h6 Nxe5 48. Qg7+ 1-0


[Site "https://www.chess.com"]

[Event "Titled Tuesday Blitz June 15 2021"]
[White "Lodici, Lorenzo"]
[Black "Triapishko, Alexandr"]
[WhiteFideId "884189"]
[BlackFideId "14122286"]
[WhiteElo "2265"]
[BlackElo "2490"]
[Result "1-0"]
[Round "02"]
[TimeControl "180+1"]
[Date "2021.06.15"]
[WhiteClock "0:00:43"]
[BlackClock "0:00:01"]

1. d4 d6 2. c4 e5 3. Nc3 exd4 4. Qxd4 Nc6 5. Qd2 g6 6. b3 Bg7 7. Bb2 Nf6 8. g3 O-O 9. Bg2 a5 10. Nh3 a4 11. Nxa4 Bxh3 12. Bxh3 Ne4 13. Qc1 Nd4 14. Bg2 Re8 15. e3 Nxf2 16. Kxf2 Qf6+ 17. Ke1 Rxa4 18. bxa4 Rxe3+ 19. Qxe3 Nc2+ 20. Kd2 Qxb2 21. Qe8+ Bf8 22. Rhb1 Qd4+ 23. Kxc2 Qf2+ 24. Kd3 Qxg2 25. Rf1 f5 26. Qe2 Qc6 27. g4 d5 28. Rac1 dxc4+ 29. Rxc4 Qd5+ 30. Kc2 Bd6 31. gxf5 gxf5 32. Rg1+ Kf7 33. Rd1 Qa5 34. Qh5+ Kf6 35. Qh6+ Kf7 36. Qxh7+ Kf6 37. Qh8+ Kf7 38. Rg1 Qd5 39. Rg7+ 1-0


[Site "https://www.chess.com"]

[Event "Titled Tuesday Blitz June 15 2021"]
[White "Maevsky, Nikolay"]
[Black "Vallejo Diaz, Javier"]
[WhiteFideId "4198220"]
[BlackFideId "2256398"]
[WhiteElo "2164"]
[BlackElo "2700"]
[Result "1/2-1/2"]
[Round "02"]
[TimeControl "180+1"]
[Date "2021.06.15"]
[WhiteClock "0:00:07"]
[BlackClock "0:00:26"]

1. d4 d5 2. Nf3 Nf6 3. e3 c6 4. c4 e6 5. Nc3 Nbd7 6. Qc2 Bd6 7. b3 O-O 8. Bb2 b6 9. Be2 Bb7 10. O-O Rc8 11. Rfd1 Qe7 12. Rac1 dxc4 13. bxc4 c5 14. d5 exd5 15. cxd5 a6 16. a4 Ne5 17. Qb3 Nfd7 18. Ne4 Nxf3+ 19. Bxf3 Be5 20. d6 Qh4 21. g3 Qh6 22. Bxe5 Nxe5 23. Nf6+ Qxf6 24. Bxb7 Rb8 25. Bxa6 Rfd8 26. d7 Rxd7 27. Rxd7 Nxd7 28. Qd5 Nf8 29. Rd1 g6 30. Bc4 Ne6 31. Qc6 Qe5 32. Rd6 Ng5 33. Rd7 Rf8 34. h4 Ne4 35. Qd5 Qxd5 36. Bxd5 Nf6 37. Rd6 Nxd5 38. Rxd5 Ra8 39. Rd6 Rxa4 40. Rxb6 c4 41. Rc6 Ra1+ 42. Kg2 Rc1 43. Kf3 Kf8 44. Ke2 Rc2+ 45. Kf3 Ke7 46. Rc8 h5 47. g4 hxg4+ 48. Kxg4 c3 49. f3 Rc1 50. Kf4 Ke6 51. e4 Kd6 52. Ke3 c2 53. Kd2 Rh1 54. Kxc2 Rxh4 55. Kd3 Ke5 56. Ke3 Rh1 57. Rc5+ Kd6 58. Rd5+ Ke6 59. Rd3 Ra1 60. Rc3 g5 61. Rc5 f6 62. Rd5 Ra3+ 63. Kf2 Ra2+ 64. Kg3 Ra1 65. Kf2 Rh1 66. Kg2 Re1 67. Kf2 Ra1 68. Ke2 Ra3 69. Kf2 Kf7 70. Kg3 Kg6 71. Rf5 Rb3 72. Kg4 Rb1 73. Kg3 Rg1+ 74. Kf2 Rc1 75. Kg3 Rc6 76. Kg4 Rc4 77. Kg3 Rc3 78. Kg4 Rc4 79. Kg3 Rc3 80. Kg4 1/2-1/2


[Site "https://www.chess.com"]

[Event "Titled Tuesday Blitz June 15 2021"]
[White "Maksimenko, Viktor"]
[Black "Ponkratov, Pavel"]
[WhiteFideId "13710478"]
[BlackFideId "4157800"]
[WhiteElo "2269"]
[BlackElo "2636"]
[Result "0-1"]
[Round "02"]
[TimeControl "180+1"]
[Date "2021.06.15"]
[WhiteClock "0:02:12"]
[BlackClock "0:02:42"]

1. d4 Nf6 2. c4 e6 3. Nf3 c5 4. d5 b5 5. dxe6 fxe6 6. cxb5 a6 7. bxa6 d5 8. e3 Bd6 9. Be2 O-O 10. O-O Nxa6 11. Nc3 Bb7 12. b3 e5 13. e4 d4 14. Bc4+ Kh8 15. Nd5 Nxe4 16. Re1 Bxd5 0-1


[Site "https://www.chess.com"]

[Event "Titled Tuesday Blitz June 15 2021"]
[White "Maly, Alexey"]
[Black "Golubev, Mikhail"]
[WhiteFideId "14103184"]
[BlackFideId "14100983"]
[WhiteElo "2285"]
[BlackElo "2374"]
[Result "1-0"]
[Round "02"]
[TimeControl "180+1"]
[Date "2021.06.15"]
[WhiteClock "0:00:58"]
[BlackClock "0:00:17"]

1. d4 Nf6 2. c4 g6 3. Nc3 Bg7 4. e4 d6 5. Be2 O-O 6. Nf3 e5 7. O-O Nc6 8. d5 Ne7 9. Ne1 Ne8 10. Be3 f5 11. f3 f4 12. Bf2 g5 13. c5 Ng6 14. a4 h5 15. a5 Nf6 16. cxd6 cxd6 17. Nb5 a6 18. Bb6 Qe7 19. Nc7 Rb8 20. Rc1 Bd7 21. Ne6 Rfc8 22. Rxc8+ Rxc8 23. Nxg5 Ng4 24. fxg4 Qxg5 25. Nf3 Qxg4 26. Nxe5 Nxe5 27. Bxg4 Bxg4 28. Qd2 f3 29. Bd4 fxg2 30. Kxg2 Kh7 31. h3 Bd7 32. Bxe5 dxe5 33. Rf7 Be8 34. Rxg7+ Kxg7 35. Qg5+ Bg6 36. Qxe5+ Kh7 37. Qe7+ 1-0


[Site "https://www.chess.com"]

[Event "Titled Tuesday Blitz June 15 2021"]
[White "Martinez Alcantara, Jose Eduardo"]
[Black "Macovei, Andrei"]
[WhiteFideId "3805662"]
[BlackFideId "13904680"]
[WhiteElo "2690"]
[BlackElo "2439"]
[Result "0-1"]
[Round "02"]
[TimeControl "180+1"]
[Date "2021.06.15"]
[WhiteClock "0:00:02"]
[BlackClock "0:00:17"]

1. e4 c6 2. Nf3 d5 3. d3 dxe4 4. dxe4 Qxd1+ 5. Kxd1 g6 6. Nfd2 h5 7. f3 h4 8. c3 Bh6 9. Kc2 Nf6 10. Na3 Nh5 11. Nb3 Bxc1 12. Rxc1 Nf4 13. Kd2 Be6 14. Ke3 g5 15. Rg1 Nd7 16. g3 hxg3 17. hxg3 Ng6 18. Nd4 Ndf8 19. Bc4 Bxc4 20. Nxc4 O-O-O 21. Rh1 Ne6 22. b4 Kc7 23. a4 Rxh1 24. Rxh1 Nxd4 25. cxd4 Rh8 26. Rxh8 Nxh8 27. f4 gxf4+ 28. gxf4 f6 29. f5 Nf7 30. Kf4 b5 31. axb5 cxb5 32. Na3 Kb6 33. e5 a5 34. bxa5+ Kxa5 35. Ke4 Ka4 36. Nc2 b4 37. Nxb4 Kxb4 38. Kd5 Ng5 39. exf6 exf6 40. Kc6 Kc4 41. d5 Kd4 42. d6 Ke5 43. d7 Nf7 0-1


[Site "https://www.chess.com"]

[Event "Titled Tuesday Blitz June 15 2021"]
[White "Matinian, Nikita"]
[Black "Howell, David W L"]
[WhiteFideId "24129100"]
[BlackFideId "410608"]
[WhiteElo "2410"]
[BlackElo "2643"]
[Result "1/2-1/2"]
[Round "02"]
[TimeControl "180+1"]
[Date "2021.06.15"]
[WhiteClock "0:00:10"]
[BlackClock "0:00:18"]

1. e4 c5 2. Nc3 Nc6 3. Bb5 Nd4 4. Nf3 g6 5. O-O Bg7 6. Re1 Nxb5 7. Nxb5 d6 8. d4 cxd4 9. Nbxd4 Nf6 10. Bg5 O-O 11. Qd2 Re8 12. Bh6 Bh8 13. Rad1 Qb6 14. c4 Ng4 15. Bg5 Bd7 16. h3 Ne5 17. Nxe5 Bxe5 18. Nf3 Qxb2 19. Nxe5 Qxe5 20. Bf4 Qc5 21. e5 Ba4 22. Rb1 dxe5 23. Bxe5 f6 24. Bd4 Qc7 25. Qb4 Bc6 26. Bc5 Kf7 27. Re3 b6 28. Bd4 Rad8 29. Bb2 Rd7 30. Rbe1 Qd6 31. Qb3 Kf8 32. Ba3 Qc7 33. Qc3 Kf7 34. Qb3 e5 35. c5+ Bd5 36. Qc3 b5 37. Bb4 Qc6 38. a3 Re6 39. f3 Bc4 40. g4 a6 41. g5 Rd5 42. gxf6 Kxf6 43. f4 Ke7 44. fxe5 Rd7 45. Rf3 Qd5 46. Qe3 Kd8 47. Qg5+ Kc7 48. Rf8 Kc6 49. Qg3 Qd4+ 50. Qf2 Qxf2+ 51. Kxf2 Rde7 52. Rf6 Kd5 53. Rxe6 Rxe6 54. Rd1+ Kxe5 55. Re1+ Kf5 56. Rxe6 Kxe6 57. Ke3 Kd5 58. Kf4 Kc6 59. Kg5 Be6 60. h4 Bd5 61. h5 gxh5 62. Kxh5 Be4 63. Kh6 Bg6 64. Kg5 Kd5 65. Kh6 Be4 66. Kg5 Kc4 67. Kh6 Kb3 68. c6 Bxc6 69. Kxh7 Ka4 70. Kg6 a5 71. Be7 Kb3 72. Kf6 Bd5 73. Ke5 Bc4 74. Kd4 b4 75. axb4 a4 76. b5 Bxb5 77. Ke3 Ba6 78. Kd2 Kb2 79. Bf6+ Kb1 80. Be7 Kb2 81. Bf6+ Kb3 82. Be7 a3 83. Bxa3 1/2-1/2


[Site "https://www.chess.com"]

[Event "Titled Tuesday Blitz June 15 2021"]
[White "Miranda, Rafael"]
[Black "Abdusattorov, Nodirbek"]
[WhiteFideId "130990"]
[BlackFideId "14204118"]
[WhiteElo "2159"]
[BlackElo "2662"]
[Result "0-1"]
[Round "02"]
[TimeControl "180+1"]
[Date "2021.06.15"]
[WhiteClock "0:01:45"]
[BlackClock "0:02:14"]

1. e4 c5 2. Nf3 e6 3. d4 cxd4 4. Nxd4 Nf6 5. Nc3 Nc6 6. Nxc6 bxc6 7. e5 Nd5 8. Ne4 Qc7 9. f4 Qb6 10. c4 Bb4+ 11. Ke2 f5 12. Nd6+ Bxd6 13. exd6 Nf6 14. Kf3 c5 15. Bd3 Bb7+ 16. Kg3 Qxd6 17. Re1 g5 18. Bc2 gxf4+ 19. Kf2 Qxd1 20. Rxd1 Rg8 21. g3 Be4 22. Ba4 f3 23. h3 e5 24. Be3 f4 25. gxf4 Rg2+ 26. Kf1 Bf5 27. fxe5 Ne4 0-1


[Site "https://www.chess.com"]

[Event "Titled Tuesday Blitz June 15 2021"]
[White "Mortazavi, Ali"]
[Black "Gabrielian, Artur"]
[WhiteFideId "401323"]
[BlackFideId "4131002"]
[WhiteElo "2339"]
[BlackElo "2539"]
[Result "1/2-1/2"]
[Round "02"]
[TimeControl "180+1"]
[Date "2021.06.15"]
[WhiteClock "0:00:10"]
[BlackClock "0:00:38"]

1. Nf3 c5 2. e4 Nc6 3. g3 Nf6 4. d3 g6 5. Bg2 d6 6. O-O Bg7 7. c3 O-O 8. h3 Rb8 9. a4 a6 10. Re1 b5 11. axb5 axb5 12. d4 cxd4 13. cxd4 e5 14. Nc3 exd4 15. Nxd4 Nxd4 16. Qxd4 Re8 17. Qa7 Bb7 18. Bf4 Nh5 19. Be3 b4 20. Na4 Bxe4 21. Bb6 Rxb6 22. Nxb6 Bd4 23. Rxe4 Rxe4 24. Bxe4 Qf6 25. Qb8+ Kg7 26. Qf8+ Kxf8 27. Nd7+ Kg7 28. Nxf6 Nxf6 29. Bc2 Bxb2 30. Rd1 d5 31. Bb3 d4 32. Kf1 Bc3 33. Ke2 Ne4 34. Bd5 Nc5 35. Bc4 b3 36. f4 b2 37. Ba2 f5 38. Bb1 h5 39. Kf3 Kf6 40. g4 hxg4+ 41. hxg4 Nb3 42. gxf5 gxf5 43. Ke2 Nc1+ 44. Kf3 Ke6 45. Rh1 d3 46. Ke3 d2 47. Bc2 Bb4 48. Rd1 Kf6 49. Rxd2 Bxd2+ 50. Kxd2 Na2 51. Bb1 Nc1 52. Kc2 Ne2 53. Kxb2 Nxf4 54. Bxf5 1/2-1/2


[Site "https://www.chess.com"]

[Event "Titled Tuesday Blitz June 15 2021"]
[White "Moskalenko, Alexander"]
[Black "Kavyev, Ruslan"]
[WhiteFideId "4155351"]
[BlackFideId "34110981"]
[WhiteElo "2495"]
[BlackElo "2172"]
[Result "1-0"]
[Round "02"]
[TimeControl "180+1"]
[Date "2021.06.15"]
[WhiteClock "0:02:08"]
[BlackClock "0:01:35"]

1. d4 Nf6 2. Bf4 c5 3. d5 Qb6 4. Nc3 Qxb2 5. Bd2 Qb6 6. e4 d6 7. f4 Bg4 8. Nf3 Nbd7 9. Rb1 Qc7 10. h3 Bxf3 11. Qxf3 a6 12. g4 h6 13. h4 g6 14. h5 g5 15. e5 dxe5 16. fxg5 hxg5 17. Bg2 e4 18. Nxe4 Nxe4 19. Qxe4 Qg3+ 20. Kf1 Nf6 21. Qa4+ b5 22. Rxb5 axb5 23. Qxa8+ Kd7 24. Qc6+ Kd8 25. Ba5+ 1-0


[Site "https://www.chess.com"]

[Event "Titled Tuesday Blitz June 15 2021"]
[White "Nasir, Zehn"]
[Black "Hess, Robert"]
[WhiteFideId "2613239"]
[BlackFideId "2022036"]
[WhiteElo "1993"]
[BlackElo "2557"]
[Result "0-1"]
[Round "02"]
[TimeControl "180+1"]
[Date "2021.06.15"]
[WhiteClock "0:00:03"]
[BlackClock "0:00:05"]

1. d4 g6 2. Bf4 Bg7 3. Nc3 d6 4. h4 Nf6 5. e4 Nc6 6. Nf3 Bg4 7. Qd2 O-O 8. d5 Bxf3 9. gxf3 Ne5 10. Be2 c6 11. O-O-O cxd5 12. Nxd5 Nxd5 13. Qxd5 Qb6 14. Be3 Qc6 15. f4 Rfc8 16. Qxc6 Nxc6 17. c3 Rab8 18. h5 b5 19. hxg6 hxg6 20. a3 a5 21. f5 b4 22. axb4 axb4 23. fxg6 bxc3 24. gxf7+ Kxf7 25. Bc4+ Kf8 26. b3 Na5 27. Be6 Nxb3+ 28. Kc2 Nc5 29. Bxc5 Rxc5 30. Rb1 Rb2+ 31. Rxb2 cxb2+ 32. Kb1 Re5 33. Bd5 e6 34. f4 exd5 35. fxe5 Bxe5 36. exd5 Ke7 37. Rh6 Kd7 38. Re6 Kc7 39. Rh6 Kb6 40. Rh3 Kc5 41. Rd3 Bd4 0-1


[Site "https://www.chess.com"]

[Event "Titled Tuesday Blitz June 15 2021"]
[White "Nesterov, Arseniy"]
[Black "Palchuk, Andrii"]
[WhiteFideId "24198455"]
[BlackFideId "14176688"]
[WhiteElo "2441"]
[BlackElo "2267"]
[Result "1-0"]
[Round "02"]
[TimeControl "180+1"]
[Date "2021.06.15"]
[WhiteClock "0:02:42"]
[BlackClock "0:02:54"]

1. d4 Nf6 2. c4 e6 3. Nf3 b6 4. g3 Ba6 5. Qc2 Bb7 6. Bg2 c5 7. dxc5 bxc5 8. O-O Be7 9. Bg5 O-O 10. Bxf6 Bxf6 11. Ng5 1-0


[Site "https://www.chess.com"]